 Dungeon Crawl Stone Soup version 0.18.1-8-gdd0e5ea (webtiles) character file.

97 georgeearnest the Skirmisher (level 4, 0/40 HPs)
             Began as a Draconian Berserker on May 22, 2016.
             Was a Believer of Trog.
             Slain by Grinder (5 damage)
             ... on level 3 of the Dungeon.
             The game lasted 00:04:42 (2135 turns).

georgeearnest the Skirmisher (Draconian Berserker)  Turns: 2135, Time: 00:04:43

Health: 0/40       AC: 10    Str: 26    XL:     4   Next: 42%
Magic:  4/4        EV: 13    Int:  7    God:    Trog [**....]
Gold:   189        SH:  0    Dex: 10    Spells: 0 memorised, 3 levels left

rFire  . . .     SeeInvis .     a - +0 hand axe
rCold  . . .     Gourm    .     (armour unavailable)
rNeg   . . .     Faith    .     (no shield)
rPois  .         Spirit   .     (helmet restricted)
rElec  .         Dismiss  .     (no cloak)
rCorr  .         Reflect  .     (no gloves)
SustAt .         Harm     .     (no boots)
MR     .....                    (no amulet)
Stlth  +.........               (no ring)
                                c - +5 ring of protection

@: mighty, flying, not resistant to hostile enchantments, very unstealthy
A: unfitting armour, cold-blooded, AC +5
a: Berserk, Trog's Hand, Burn Spellbooks, Renounce Religion


You were on level 3 of the Dungeon.
You worshipped Trog.
Trog was pleased with you.
You were not hungry.

You visited 1 branch of the dungeon, and saw 3 of its levels.

You collected 189 gold pieces.

Inventory:

Hand Weapons
 a - a +0 hand axe (weapon)
Jewellery
 c - a +5 ring of protection (left hand)
Scrolls
 d - a scroll of magic mapping {unknown}
 f - 4 scrolls of blinking {unknown}
 g - 4 scrolls of remove curse {unknown}
 l - a scroll of identify {unknown}
Comestibles
 j - a meat ration
 k - a beef jerky


   Skills:
 + Level 4.1 Fighting
 + Level 3.6 Axes
 + Level 3.6 Dodging
 + Level 0.6 Stealth


You had 3 spell levels left.
You didn't know any spells.

Dungeon Overview and Level Annotations

Branches:
Dungeon (3/15)

Altars:
Ashenzari

Annotations:
D:3 Grinder


Innate Abilities, Weirdness & Mutations

Your plain brown scales are hard (AC +5).
Your body does not fit into most forms of armour.
You are cold-blooded and may be slowed by cold attacks.


Message History

You writhe in agony.
* * * LOW HITPOINT WARNING * * *
Drink which item? (? for menu, Esc to quit)
It was a potion of flight.
You feel very buoyant.
You fly up into the air.
Grinder hits you.
* * * LOW HITPOINT WARNING * * *
Drink which item? (? for menu, Esc to quit)
It was a potion of might.
You feel very mighty all of a sudden. Grinder hits you but does no damage.
You closely miss Grinder.
Grinder is heavily wounded.
Grinder misses you.
You closely miss Grinder.
Grinder is heavily wounded.
Grinder hits you.
* * * LOW HITPOINT WARNING * * *
You writhe in agony.
You die...

# ###......# #.# #
#......#.####+#.# #
#.##...#........# #
#.#########.....## #
#.#.## ##..(....##
####..<.####.........#
...........+.........+
####....####....5....#
# #.#.## #...@...# #
#..## ##.....##
#####.### ##...##
#.<.....# ##'##
#.###.#.# #.# #.#.#
#####.####
#.#.####........#
#......#.##...#.#####
###.##.#.#...........


You could see Grinder.

Vanquished Creatures
  2 orc wizards (D:3)
  A worm (D:3)
  A dart slug (D:1)
  2 orcs (D:3)
  2 giant cockroaches (D:2)
  6 goblins
  7 hobgoblins
  5 kobolds
  5 bats
  4 giant newts
  6 rats
41 creatures vanquished.

Vanquished Creatures (others)
  2 goblins (D:1)
2 creatures vanquished.

Grand Total: 43 creatures vanquished

Notes
Turn   | Place    | Note
--------------------------------------------------------------
     0 | D:1      | georgeearnest the Draconian Berserker began the quest for the Orb.
     0 | D:1      | Reached XP level 1. HP: 19/19 MP: 1/1
     0 | D:1      | Noticed a troll
     4 | D:1      | Noticed a centaur
    10 | D:1      | Noticed a vampire
    12 | D:1      | Noticed a vampire
    14 | D:1      | Noticed a troll
    18 | D:1      | Noticed a troll
    20 | D:1      | You fall through a shaft!
   297 | D:2      | Reached XP level 2. HP: 27/27 MP: 2/2
   989 | D:1      | Reached ** piety under Trog
   992 | D:1      | Reached skill level 4 in Fighting
   992 | D:1      | Reached XP level 3. HP: 19/33 MP: 3/3
  1400 | D:3      | Found a shattered altar of Ashenzari.
  1435 | D:3      | Reached XP level 4. HP: 18/40 MP: 4/4
  2110 | D:3      | Noticed Grinder
  2124 | D:3      | Paralysed by Grinder for 5 turns
  2135 | D:3      | Slain by Grinder

Skill      XL: |  1  2  3 |
---------------+----------+-----
Fighting       | 4 |  4.1
Dodging        | 3 |  3.6
Axes           | |  3.6
Stealth        | |  0.6

Action                   |  1- 3 |  4- 6 || total
-------------------------+-------+-------++-------
Melee: Hand axe          |   128 |    38 ||   166
       Tailslap          |    11 |     6 ||    17
Invok: Berserk           |     1 |       ||     1
       Trog's Hand       |     1 |       ||     1
  Use: Potion            |       |     3 ||     3
  Eat: Bread ration      |     1 |     1 ||     2
Armor: Skin              |    69 |    18 ||    87
Dodge: Dodged            |    94 |    23 ||   117
